 Dungeon Crawl Stone Soup version 0.28-a0-445-g51f8dfeb47 (webtiles) character file.

Game seed: 2202310511401161470

616 GenialerGandalf the Chopper (level 7, -4/61 HPs)
             Began as a Hill Orc Fighter on Sept 13, 2021.
             Killed from afar by a steam dragon (24 damage)
             ... with a ball of steam
             ... on level 4 of the Dungeon.
             The game lasted 00:17:18 (5431 turns).

GenialerGandalf the Chopper (Hill Orc Fighter)      Turns: 5431, Time: 00:17:19

Health: -4/61      AC: 14    Str: 21    XL:     7   Next: 45%
Magic:  9/9        EV:  2    Int:  8    God:
Gold:   195        SH: 12    Dex: 10    Spells: 8/9 levels left

rFire   . . .      SeeInvis .   a - +2 war axe
rCold   . . .      Faith    .   k - +0 tower shield
rNeg    . . .      Spirit   .   v - +1 plate armour
rPois   .          Reflect  .   (no helmet)
rElec   .          Harm     .   (no cloak)
rCorr   .          Rampage  .   (no gloves)
Will    .....                   p - +0 pair of boots
Stlth   ..........              (no amulet)
HPRegen 0.20/turn               (no ring)
MPRegen 0.11/turn               (no ring)

@: no status effects
A: no striking features
a: no special abilities


You were on level 4 of the Dungeon.
You visited 1 branch of the dungeon, and saw 5 of its levels.

You collected 195 gold pieces.

Inventory:

Hand Weapons
 a - a +2 war axe (weapon)
Armour
 b - a +1 scale mail
 c - a +0 buckler
 k - a +0 tower shield (worn)
 o - a +0 chain mail
 p - a +0 pair of boots (worn)
 v - a +1 plate armour (worn)
Jewellery
 w - a ring of flight
Wands
 m - a wand of paralysis (2)
 u - a wand of iceblast (8)
Scrolls
 d - a scroll of vulnerability {unknown}
 g - a scroll of fear {unknown}
 l - 2 scrolls of identify {unknown}
 r - a scroll of noise {unknown}
 t - a scroll of fog {unknown}
Potions
 e - a potion of ambrosia {unknown}
 f - 4 potions of haste {unknown}
 h - 2 potions of brilliance {unknown}
 i - 2 potions of attraction {unknown}
 j - a potion of degeneration {unknown}
 n - 4 potions of curing {unknown}
 q - a potion of lignification {unknown}
 s - a potion of flight {unknown}


   Skills:
 + Level 5.4 Fighting
 + Level 7.2 Axes
 + Level 4.6 Armour
 + Level 4.1 Shields
 * Level 1.9 Spellcasting


You had 8 spell levels left.
You knew the following spells:

 Your Spells              Type           Power      Damage    Failure   Level
a - Animate Skeleton      Necr           0%         N/A       100%        1

Your spell library contained the following spells:

 Spells                   Type           Power      Damage    Failure   Level
 Pain                     Necr           0%         1d4       100%        1
 Slow                     Hex            0%         N/A       100%        2
 Confusing Touch          Hex            0%         N/A       100%        3
 Vampiric Draining        Necr           0%         2d6       100%        3
 Agony                    Necr           0%         N/A       100%        5
 Excruciating Wounds      Necr           0%         N/A       100%        5


Dungeon Overview and Level Annotations

Branches:
Dungeon (5/15)
 Temple: D:4-7

Altars:


Message History

An ogre comes into view. It is wielding a +0 giant club.
You block the steam dragon's attack. The steam dragon barely misses you.
You block the steam dragon's attack. The steam dragon claws you.
You slash the steam dragon!
The steam dragon is heavily wounded.
You block the steam dragon's attack.
The steam dragon claws you but does no damage.
A hound zombie comes into view.
You hit the steam dragon.
The steam dragon is heavily wounded.
The steam dragon bites you. You block the steam dragon's attack.
The steam dragon breathes steam at you. The ball of steam hits you!
You slash the steam dragon!
The steam dragon is almost dead.
You hit the ogre.
You are engulfed in a cloud of scalding steam.
The ogre hits you with a +0 giant club!
* * * LOW HITPOINT WARNING * * *
The steam dragon bites you but does no damage.
The steam dragon claws you but does no damage.
Really walk into that cloud of steam?
Uppercase [Y]es or [N]o only, please.
Really walk into that cloud of steam?
You are engulfed in a cloud of scalding steam.
The ogre is engulfed in a cloud of scalding steam.
The steam dragon breathes steam at you. The ball of steam misses you.
You are engulfed in a cloud of scalding steam.
You block the steam dragon's attack.
The steam dragon claws you but does no damage.
You are engulfed in a cloud of scalding steam.
There is a stone staircase leading up here.
The steam dragon barely misses you. You block the steam dragon's attack.
You block the ogre's attack.
You climb upwards.
There is a stone staircase leading down here.
The steam dragon breathes steam at you. The ball of steam hits you!!
You die...

#.#..(.....###.###
#.######...#|#...# #.#
###.###.###.# #.# #...#.....#..
##.####.###.###.### #######
##.......#...# #.... #.....#
#...D.#..###.###)###
#.###.######.§>.##...#....÷#..
#.# #........@.O####.###.###.#
##.###.#######.### #...#[#....
##......# #.# #.#.###.###
#......## ##+## #.#.....# #
##.##.## ##...## #...#...# #
#.#### ##.....## ##....#.###
###.##.######.......## #.#^......
.....................###....#.###
.##............).....'...........


You could see a steam dragon (catching breath) and an ogre.

Vanquished Creatures
  An ice beast (D:3)
  A phantom (D:4)
  A water moccasin skeleton (D:4)
  A gnoll shaman (D:4)
  2 jellies (D:4)
  A hound (D:4)
  A centaur skeleton (D:3)
  Ijyb (D:2)
  2 iguanas (D:4)
  4 gnolls (D:4)
  3 adders
  3 worms
  4 dart slugs
  5 orcs (D:3)
  11 endoplasms
  5 giant cockroaches
  14 goblins
  6 hobgoblins
  4 jackals
  4 quokkas
  11 ball pythons
  2 bats
  2 frilled lizards (D:3)
  2 kobolds
  6 rats
  4 bushes (D:1)
101 creatures vanquished.

Vanquished Creatures (others)
  A plant (D:1)
1 creature vanquished.

Grand Total: 102 creatures vanquished

Notes
Turn   | Place    | Note
-------+----------+-------------------------------------------
     0 | D:1      | GenialerGandalf the Hill Orc Fighter began the quest for
                  | the Orb.
     0 | D:1      | Reached XP level 1. HP: 19/19 MP: 1/1
   482 | D:1      | Reached skill level 3 in Axes
   482 | D:1      | Reached XP level 2. HP: 18/27 MP: 2/2
   515 | D:1      | Found a faded altar of an unknown god.
  1079 | D:1      | Reached XP level 3. HP: 33/33 MP: 3/3
  2129 | D:2      | Noticed Ijyb
  2144 | D:2      | Paralysed by Ijyb for 6 turns
  2153 | D:2      | Paralysed by Ijyb for 4 turns
  2158 | D:2      | Killed Ijyb
  2159 | D:2      | Reached skill level 4 in Axes
  2159 | D:2      | Reached XP level 4. HP: 37/40 MP: 4/4
  2979 | D:3      | Noticed an ice beast
  3032 | D:3      | Reached XP level 5. HP: 46/46 MP: 6/6
  3078 | D:3      | Reached skill level 5 in Axes
  3114 | D:3      | Killed an ice beast
  3115 | D:3      | Reached skill level 1 in Spellcasting
  3479 | D:3      | Reached XP level 6. HP: 53/53 MP: 7/7
  3587 | D:3      | Reached skill level 6 in Axes
  4226 | D:4      | Reached XP level 7. HP: 59/60 MP: 9/9
  4307 | D:4      | Reached skill level 7 in Axes
  4662 | D:4      | Reached skill level 5 in Fighting
  5229 | D:4      | Learned a level 1 spell: Animate Skeleton
  5401 | D:5      | Entered Level 5 of the Dungeon
  5415 | D:5      | Noticed a steam dragon
  5431 | D:4      | Killed from afar by a steam dragon

Illustrated notes

Levels and vault maps discovered:
D:1:      tarquinn_simple_flora_water_f, layout_basic,
          shapermc_ecumenical_altar_notcrosses, minmay_pentomino_v4
D:2:      kennysheep_the_goblin_king, layout_loops_ring
D:3:      layout_loops_ring
D:4:      layout_loops_corners, minmay_quantized
D:5:      layout_basic, nicolae_ossuary_entry_ruins, gammafunk_ghost_cemetery,
          uniq_sigmund

Skill      XL: |  1  2  3  4  5  6  7 |
---------------+----------------------+-----
Axes           | 3 4 5 6 7 |  7.2
Fighting       | 4 5 |  5.4
Armour         | 4 |  4.6
Spellcasting   | 1 |  1.9
Shields        | 4 |  4.1

Action                   |  1- 3 |  4- 6 |  7- 9 || total
-------------------------+-------+-------+-------++-------
Melee: War axe           |   367 |   116 |    33 ||   516
  Use: Scroll            |     4 |       |     1 ||     5
       Potion            |       |       |     1 ||     1
Armor: Scale mail        |    42 |     4 |       ||    46
       Chain mail        |       |    96 |    17 ||   113
       Plate armour      |       |       |    11 ||    11
Dodge: Dodged            |    40 |    49 |    19 ||   108
Block: Buckler           |    23 |    37 |     9 ||    69
       Tower shield      |       |       |     8 ||     8

Table legend: (Time is in decaauts)
 A = Elapsed time spent in this place.
 B = Non-inter-level travel time spent in this place.
 C = Inter-level travel time spent in this place.
 D = Time resting spent in this place.
 E = Time spent auto-exploring this place.
 F = Levels seen in this place.
 G = Mean time per level.
                   A        B        C        D        E       F      G
               +--------+--------+--------+--------+--------+-----+--------+
         Total |   5604 |   4905 |    699 |    406 |   1977 |   5 | 1120.8 |
       Dungeon |   5604 |   4905 |    699 |    406 |   1977 |   5 | 1120.8 |
               +--------+--------+--------+--------+--------+-----+--------+

Top non-repeatable levels by time:
     D:1: 2040 daAuts
     D:4: 1607 daAuts
     D:2: 1049 daAuts
     D:3: 876 daAuts
     D:5: 30 daAuts
